 Dungeon Crawl Stone Soup version 0.24.0-37-gcf1ca852f1 (webtiles) character file.

Game seed: 14627021996657833944, levelgen mode: deterministic

50031 eccles the Severer (level 14, -8/114 HPs)
             Began as a Demonspawn Berserker on Dec 3, 2019.
             Was a High Priest of Trog.
             Killed from afar by a smoke demon (27 damage)
             ... with a ball of steam
             ... on level 2 of the Abyss on Dec 5, 2019.
             The game lasted 01:50:59 (20308 turns).

eccles the Severer (Demonspawn Berserker)          Turns: 20308, Time: 01:50:59

Health: -8/114     AC: 19    Str: 25    XL:     14   Next: 18%
Magic:  14/14      EV: 13    Int: 13    God:    Trog [*****.]
Gold:   1177       SH:  0    Dex: 16    Spells: 13/13 levels left

rFire    . . .     SeeInvis +   b - +6 hand crossbow of Wyrd {penet, rF- Str+4 SInv}
rCold    + . .     Gourm    .   (no shield)
rNeg     . . .     Faith    .   I - +4 scale mail of the Iron City of Dis {rPois Int+3}
rPois    +         Spirit   .   e - +2 hat
rElec    .         Reflect  .   v - scarf {rC+ rF+}
rCorr    .         Harm     .   X - +0 pair of gloves {Dex+3}
MR       +....                  (no boots)
Stlth    +.........             (no amulet)
HPRegen  0.29/turn              (no ring)
MPRegen  0.14/turn              (no ring)

@: berserk cooldown, very slightly contaminated
A: talons 1, slimy green scales 2, demonic guardian 1, powered by pain 2
a: Berserk, Trog's Hand, Brothers in Arms, Renounce Religion


You were on level 2 of the Abyss.
You worshipped Trog.
Trog was extremely pleased with you.
You were not hungry.

You visited 2 branches of the dungeon, and saw 17 of its levels.
You visited the Abyss 1 time.
You also visited: Sewer.

You collected 1300 gold pieces.
You spent 123 gold pieces at shops.

Inventory:

Hand Weapons
 a - a +2 executioner's axe of chopping
 b - the +6 hand crossbow of Wyrd (weapon) {penet, rF- Str+4 SInv}
   (You found it on level 11 of the Dungeon)

   Ammo fired by it will pass through the targets it hits, potentially hitting
   all targets in its path until it reaches maximum range.
   It affects your strength (+4).
   It makes you vulnerable to fire.
   It lets you see invisible.
 i - a +0 flail
 l - a +4 antimagic battleaxe
 K - the +7 Spriggan's Knife {stab, EV+4 Stlth+}
   (You found it on level 4 of the Lair of Beasts)

   It affects your evasion (+4).
   It makes you more stealthy.
 Y - a +3 antimagic broad axe
Missiles
 h - 220 arrows
 k - 216 sling bullets
 m - 351 stones
 t - 148 bolts (quivered)
 P - 12 poisoned darts
Armour
 e - a +2 hat (worn)
 g - a +2 buckler
 v - a scarf of resistance (worn)
 D - a +0 cloak of magic resistance
 H - a +0 pair of gloves
 I - the +4 scale mail of the Iron City of Dis (worn) {rPois Int+3}
   (You found it on level 7 of the Dungeon)

   It affects your intelligence (+3).
   It protects you from poison.
 X - a +0 pair of gloves of dexterity (worn)
Jewellery
 x - an uncursed ring of ice {unknown}
 A - a cursed -3 ring of dexterity {unknown}
 G - a cursed ring of attention {unknown}
 O - an uncursed ring of positive energy {unknown}
 T - a cursed ring of teleportation {unknown}
 U - an uncursed amulet of the gourmand {unknown}
 W - an uncursed ring of flight {unknown}
Wands
 u - a wand of flame (13)
 w - a wand of disintegration (30)
 y - a wand of paralysis (6)
 J - a wand of random effects (17)
 Q - a wand of iceblast (3)
 V - a wand of enslavement (14)
Scrolls
 d - 6 scrolls of teleportation
 j - a scroll of enchant armour
 s - 3 scrolls of fear
 F - a scroll of blinking
 M - a scroll of magic mapping
Potions
 f - a potion of brilliance
 n - 3 potions of curing
 o - a potion of berserk rage
 r - 2 potions of magic
 z - a potion of mutation
 B - 3 potions of agility
 C - a potion of resistance
 E - 2 potions of flight
 N - 2 potions of lignification
 S - a potion of invisibility
Comestibles
 c - 46 rations


   Skills:
 * Level 11.8 Fighting
 * Level 15.3(15.4) Axes
 + Level 2.8(10.6) Maces & Flails
   Level 2.5(2.8) Slings
 + Level 3.4 Crossbows
 + Level 1.3(2.2) Throwing
 * Level 10.5 Armour
 + Level 4.2 Dodging
 + Level 2.3 Stealth
 + Level 2.9 Shields
 + Level 0.7 Evocations


You had 13 spell levels left.
You didn't know any spells.
Your spell library was empty.

Dungeon Overview and Level Annotations

Branches:
Dungeon (11/15)            Temple (0/1) D:7            Lair (6/6) D:9
 Shoals (0/4) Lair:3        Snake (0/4) Lair:3        Slime (0/5) Lair:6
  Sewer (visited)
    Orc: D:9-12

Altars:
Kikubaaqudgha
Makhleb
Okawaru
Trog

Shops:
D:5 (   D:6 (   D:11 [

Annotations:
D:10 1 runed translucent door, GreydMiyu's ghost, journeyman HuFE
Lair:1 2 transporters, Beischinu's ghost, journeyman MiFi
Lair:2 2 transporters, Kotami's ghost, journeyman OpFi
Lair:4 2 transporters, Lutiheq's ghost, journeyman DrTm
Lair:5 1 runed translucent door, mavignon's ghost, journeyman TrCK


Innate Abilities, Weirdness & Mutations

You have sharp toenails.
You are mostly covered in slimy green scales. (AC +3)
A weak demonic guardian rushes to your aid.
You sometimes gain power by taking damage.


Message History

Press: ? - help, Shift-Dir - straight line, f/p - storm dragon skeleton
Aim: a storm dragon skeleton You shoot a bolt.
The bolt pierces through the storm dragon skeleton but does no damage.
Blink to where?
Press: ? - help, Dir - move target cursor, p - storm dragon skeleton
As you read the scroll of blinking, it crumbles to dust.
Your skin stops crawling.
You feel less resistant to hostile enchantments.
A small abomination comes into view.
The small abomination moves out of view.
Blink to where?
Press: ? - help, Dir - move target cursor
As you read the scroll of blinking, it crumbles to dust.
You feel yourself speed up.
A smoke demon comes into view.
The smoke demon roars!
The smoke demon gestures at you. The ball of steam hits you!!
You die...

. #. ..##.#..
.####..#..#Z .. $
#..#..###..##. ..
## ##.....x...## .
#.##.###.x##....###
.#.
....#.##..##.x#..
#.
#.....#..#.#..#....
#.#.#.5#.....#.. .#
#..@ยงยง.#.#.#.##..
#..#.###3.##.. ...#
...# ### .#.# #.
..# ... #.. . ...
... .#


You could see a small abomination and a friendly quasit.

Vanquished Creatures
  A tentacled starspawn (Abyss:2)
  2 entropy weavers
  A dire elephant (Lair:6)
  4 hydras
  3 two-headed ogres
  A queen ant (Lair:6)
  2 large abominations (Abyss:2)
  A spatial maelstrom (Abyss:2)
  An unseen horror (D:11)
  2 lindwurms (Lair:5)
  A wolf spider zombie (D:11)
  A manticore (Lair:3)
  An ugly thing (D:11)
  4 oklob plants
  4 elephants (Lair:6)
  An orange demon (Abyss:2)
  4 black mambas
  4 spiny frogs
  2 centaur skeletons
  A smoke demon (Abyss:2)
  2 gargoyles
  4 rime drakes
  7 komodo dragons
  A troll (D:5)
  A polar bear (Lair:3)
  2 hornets
  A queen bee (Lair:3)
  Grinder (D:4)
  Prince Ribbit (D:5)
  22 blink frogs
  13 hippogriffs
  A wyvern (D:11)
  A wraith (D:11)
  A small abomination (Abyss:2)
  28 yaks
  A basilisk (Lair:2)
  A chaos spawn (Abyss:2)
  24 soldier ants
  A hell hound (Lair:6)
  8 porcupines
  8 water moccasins
  2 ice beasts
  A hornet zombie (D:9)
  6 orc warriors
  3 sky beasts
  A phantom (D:11)
  3 black bears
  4 ogres
  7 centaurs
  16 wolves
  15 crocodiles
  2 big kobolds
  10 bullfrogs
  A gnoll sergeant (D:9)
  2 wyvern skeletons
  5 scorpions
  29 killer bees
  3 wights (D:9)
  An electric eel (D:9)
  A howler monkey (D:8)
  5 crimson imps
  A centaur zombie (D:5)
  6 hounds
  13 orc priests
  9 orc wizards
  Crazy Yiuf (D:5)
  14 jellies
  4 iguanas
  21 worker ants
  A worker ant zombie (D:6)
  12 gnolls
  14 adders
  3 river rats
  2 shadow imps
  An ooze (D:2)
  2 adder zombies
  4 worms
  4 dart slugs
  6 leopard geckos
  31 orcs
  7 bats
  3 giant cockroaches
  5 goblins
  8 hobgoblins
  11 jackals
  5 quokkas
  4 ball pythons
  10 frilled lizards
  A jackal skeleton (D:5)
  13 kobolds
  2 leopard gecko skeletons
  A leopard gecko zombie (D:6)
  A quokka skeleton (D:9)
  A quokka zombie (D:9)
  10 rats
  6 fungi
  5 plants
  2 starspawn tentacles (Abyss:2)
531 creatures vanquished.

Vanquished Creatures (collateral kills)
  An oklob plant (Lair:5)
  A spiny frog (Lair:6)
  4 blink frogs
  A yak (Lair:6)
  A basilisk (Lair:4)
  Menkaure (D:5)
  A porcupine (Lair:5)
  3 wolves
  A centaur (D:6)
  An ogre (D:6)
  A killer bee (D:4)
  A hound (D:5)
  2 orc wizards
  2 worker ants
  A worker ant zombie (D:5)
  2 adders
  A leopard gecko (D:6)
  4 orcs
  A kobold (Sewer)
30 creatures vanquished.

Vanquished Creatures (others)
  5 fungi
  6 plants
  6 starspawn tentacles (Abyss:2)
  4 withered plants
21 creatures vanquished.

Grand Total: 582 creatures vanquished

Notes
Turn   | Place    | Note
-------+----------+-------------------------------------------
     0 | D:1      | eccles the Demonspawn Berserker began the quest for the
                  | Orb.
     0 | D:1      | Reached XP level 1. HP: 18/18 MP: 1/1
   356 | D:1      | Reached skill level 3 in Axes
   356 | D:1      | Gained mutation: A weak demonic guardian rushes to your
                  | aid. [demonic ancestry]
   356 | D:1      | Reached XP level 2. HP: 24/24 MP: 2/2
  1167 | D:1      | Reached XP level 3. HP: 24/29 MP: 3/3
  1301 | D:2      | Reached ** piety under Trog
  1303 | D:2      | Gained mutation: You have sharp toenails. [demonic
                  | ancestry]
  1303 | D:2      | Reached XP level 4. HP: 35/35 MP: 4/4
  1620 | D:2      | Reached skill level 4 in Axes
  1681 | D:2      | Reached XP level 5. HP: 35/41 MP: 5/5
  1830 | D:3      | Found a faded altar of an unknown god.
  1944 | D:3      | Reached *** piety under Trog
  2138 | D:3      | Found a burning altar of Makhleb.
  2599 | D:4      | Noticed Grinder
  2600 | D:4      | Gained mutation: You sometimes gain a little power by
                  | taking damage. [demonic ancestry]
  2600 | D:4      | Reached XP level 6. HP: 48/48 MP: 6/6
  2610 | D:4      | Reached skill level 5 in Axes
  2622 | D:4      | Killed Grinder
  2684 | D:4      | Gained mutation: You are partially covered in slimy green
                  | scales. (AC +2) [demonic ancestry]
  2684 | D:4      | Reached XP level 7. HP: 41/54 MP: 7/7
  2932 | D:5      | Entered Level 5 of the Dungeon
  2949 | D:5      | Noticed Prince Ribbit
  2979 | D:5      | Noticed a troll
  3267 | D:5      | Reached skill level 6 in Axes
  3276 | D:5      | Killed a troll
  3276 | D:5      | Reached skill level 1 in Slings
  3396 | D:5      | Killed Prince Ribbit
  3396 | D:5      | Reached skill level 5 in Fighting
  3396 | D:5      | Reached skill level 1 in Shields
  3396 | D:5      | Reached XP level 8. HP: 62/62 MP: 8/8
  3481 | D:5      | Noticed Menkaure
  3489 | D:5      | Killed Menkaure
  3489 | D:5      | Reached **** piety under Trog
  3489 | D:5      | Reached skill level 5 in Armour
  3491 | D:5      | Found an iron altar of Okawaru.
  3639 | D:5      | Found Utigioku's Antique Weapon Emporium.
  3651 | D:5      | Bought a glowing war axe for 123 gold pieces
  3673 | D:5      | Found a runed translucent door.
  3674 | D:5      | Noticed Crazy Yiuf
  3682 | D:5      | Killed Crazy Yiuf
  3939 | D:6      | Found Anlarch's Weapon Shoppe.
  3976 | D:6      | Reached skill level 7 in Axes
  4036 | D:6      | Found a glowing drain.
  4089 | Sewer    | Entered a sewer
  4398 | Sewer    | Found a glowing silver altar of Zin.
  4670 | D:6      | Found an ancient bone altar of Kikubaaqudgha.
  4783 | D:7      | Got a faintly humming scale mail
  4835 | D:7      | Reached XP level 9. HP: 47/69 MP: 9/9
  5252 | D:7      | Reached ***** piety under Trog
  5366 | D:7      | Found a staircase to the Ecumenical Temple.
  5457 | D:7      | Reached skill level 1 in Stealth
  5574 | D:7      | Reached skill level 8 in Axes
  5837 | D:8      | Noticed a two-headed ogre
  5850 | D:8      | Killed a two-headed ogre
  5850 | D:8      | Reached skill level 9 in Axes
  6173 | D:8      | Noticed a two-headed ogre
  6186 | D:8      | Killed a two-headed ogre
  6186 | D:8      | Reached XP level 10. HP: 56/77 MP: 10/10
  6823 | D:9      | Found a staircase to the Lair.
  6868 | D:9      | Received a gift from Trog
  6952 | D:9      | Paralysed by a hornet for 2 turns
  6962 | D:9      | Reached skill level 10 in Axes
  7295 | D:9      | Identified the +4 scale mail of the Iron City of Dis {rPois
                  | Int+3} (You found it on level 7 of the Dungeon)
  7379 | D:9      | Received a gift from Trog
  7861 | D:10     | Entered Level 10 of the Dungeon
  7885 | D:10     | Noticed a gargoyle
  7894 | D:10     | Killed a gargoyle
  7916 | D:10     | You fall into a shaft and drop 1 floor!
  7919 | D:11     | Noticed a purple ugly thing
  7931 | D:11     | Killed a purple ugly thing
  7935 | D:11     | Killed an unseen horror
  7935 | D:11     | Reached XP level 11. HP: 74/86 MP: 11/11
  8012 | D:11     | Reached skill level 11 in Axes
  8579 | D:11     | Found Ureir's Antique Armour Shop.
  8579 | D:11     | Noticed a two-headed ogre
  8596 | D:11     | Killed a two-headed ogre
  8884 | D:11     | Got a dazzling hand crossbow
  9000 | D:10     | Identified the +6 hand crossbow of Wyrd {penet, rF- Str+4
                  | SInv} (You found it on level 11 of the Dungeon)
  9585 | D:10     | Found a runed translucent door.
  9587 | D:10     | Noticed GreydMiyu's ghost (journeyman HuFE)
  9706 | D:10     | Reached skill level 12 in Axes
  9739 | D:10     | Reached ****** piety under Trog
 10262 | Lair:1   | Entered Level 1 of the Lair of Beasts
 10347 | Lair:1   | Noticed Beischinu's ghost (journeyman MiFi)
 10399 | Lair:1   | Found a transporter.
 10399 | Lair:1   | Found a transporter.
 10605 | Lair:1   | Reached skill level 1 in Crossbows
 10658 | Lair:1   | Noticed an oklob plant
 11087 | Lair:1   | Killed an oklob plant
 11877 | Lair:2   | Gained mutation: You are mostly covered in slimy green
                  | scales. (AC +3) [demonic ancestry]
 11877 | Lair:2   | Reached XP level 12. HP: 76/96 MP: 12/12
 11911 | Lair:2   | Noticed Kotami's ghost (journeyman OpFi)
 11911 | Lair:2   | Identified the +1 spear of Bread {holy, rF++}
 11911 | Lair:2   | Identified the +3 trident "Puusoly" {drain, rN+}
 11999 | Lair:2   | Received a gift from Trog
 12477 | Lair:2   | Found a transporter.
 12479 | Lair:2   | Found a transporter.
 12484 | Lair:2   | Found a bloodstained altar of Trog.
 12646 | Lair:3   | Noticed a four-headed hydra
 12657 | Lair:3   | Killed a four-headed hydra
 12657 | Lair:3   | Reached skill level 13 in Axes
 12664 | Lair:3   | HP: 7/145 [poisoned by a spiny frog]
 12669 | Lair:3   | HP: 5/145 [poisoned by a spiny frog]
 12673 | Lair:3   | HP: 2/97 [poisoned by a spiny frog]
 12952 | Lair:3   | Found a staircase to the Shoals.
 13165 | Lair:3   | Reached skill level 1 in Maces & Flails
 13172 | Lair:3   | Found a staircase to the Snake Pit.
 13533 | Lair:3   | Reached skill level 10 in Fighting
 13996 | Lair:3   | Received a gift from Trog
 14283 | Lair:3   | Noticed a five-headed hydra
 14290 | Lair:3   | Killed a five-headed hydra
 14688 | Lair:4   | Found a transporter.
 14700 | Lair:4   | Found a transporter.
 14700 | Lair:4   | Noticed Lutiheq's ghost (journeyman DrTm)
 14702 | Lair:4   | Noticed an eight-headed hydra
 15053 | Lair:4   | Found the +7 Spriggan's Knife {stab, EV+4 Stlth+}
 15205 | Lair:5   | Noticed an eight-headed hydra
 15212 | Lair:5   | Killed an eight-headed hydra
 15212 | Lair:5   | Reached XP level 13. HP: 61/104 MP: 13/13
 15608 | Lair:5   | Found a runed translucent door.
 15608 | Lair:5   | Noticed mavignon's ghost (journeyman TrCK)
 16047 | Lair:5   | Reached skill level 14 in Axes
 16696 | Lair:6   | Entered Level 6 of the Lair of Beasts
 16703 | Lair:6   | Reached skill level 10 in Armour
 16707 | Lair:6   | Found a staircase to the Slime Pits.
 16897 | Lair:6   | Received a gift from Trog
 17342 | Lair:6   | Received a gift from Trog
 17949 | Lair:6   | Noticed a dire elephant
 17976 | Lair:6   | Killed a dire elephant
 18691 | Lair:6   | Reached skill level 1 in Throwing
 18949 | Lair:6   | Noticed an entropy weaver
 18959 | Lair:6   | Noticed an entropy weaver
 18964 | Lair:6   | Killed an entropy weaver
 19596 | Lair:5   | Killed an entropy weaver
 19596 | Lair:5   | Reached skill level 15 in Axes
 19598 | Lair:5   | Gained mutation: You sometimes gain power by taking damage.
                  | [demonic ancestry]
 19598 | Lair:5   | Reached XP level 14. HP: 113/114 MP: 14/14
 20147 | Lair:6   | Cast into level 2 of the Abyss (a wizard)
 20216 | Abyss:2  | Noticed a tentacled starspawn
 20273 | Abyss:2  | Killed a tentacled starspawn
 20308 | Abyss:2  | Killed from afar by a smoke demon

Levels and vault maps discovered:
D:1:      dpeg_arrival_short_road, layout_basic, minmay_misc_feat_room
D:2:      layout_rooms, first_ration
D:3:      layout_rooms, overflow_temple_1_default,
          chequers_ecumenical_altar_island
D:4:      layout_basic, uniq_grinder
D:5:      layout_rooms, serial_shops, shop, okawaru_ov_weapons_minmay,
          uniq_crazy_yiuf_cottage, uniq_prince_ribbit1, uniq_menkaure
D:6:      layout_cave_pools, serial_shops, shop, cheibrodos_sewer_entry_sluice,
          basic_altar
D:7:      layout_basic, temple_doors_ab
D:8:      layout_rooms
D:9:      layout_basic, due_lair_maze_entry_diamond
D:10:     layout_cave_pools, gammafunk_ghost_grave
D:11:     layout_basic, serial_shops, nicolae_shop_statue_plus
Lair:1:   layout_cave_pods, gammafunk_ghost_hive, minmay_lair_oklob_bushes,
          lemuel_fruit_tree
Lair:2:   layout_hall_layers, gammafunk_ghost_wrathful_warriors
Lair:3:   layout_roguey [special_room_bee], minmay_shoals_entry_beasts,
          dummy_snake_entry, portal_ice_cave_entry_pillars_2
Lair:4:   layout_cave_shapes, gammafunk_ghost_arena
Lair:5:   layout_hall_layers, gauntlet_entry_generic, gammafunk_ghost_grave,
          minmay_lair_oklob_chamber
Lair:6:   evil_forest, layout_regular_city, minmay_slime_entry_jelly_boxes,
          zaba_anthell, grunt_megastairs_1, serial_bayou_shore_a
Abyss:2:  base:
D:3

Skill      XL: |  1  2  3  4  5  6  7  8  9 10 11 12 13 |
---------------+----------------------------------------+-----
Axes           | 3 4 5 6 7 9 10 12 13 15 | 15.3
Armour         | 2 3 4 5 7 8 9 10 | 10.5
Dodging        | 2 3 4 |  4.2
Fighting       | 4 5 6 7 9 10 11 | 11.8
Slings         | 1 2 |  2.5
Shields        | 1 2 |  2.9
Stealth        | 1 2 |  2.3
Crossbows      | 1 2 3 |  3.4
Maces & Flails | 2 |  2.8
Throwing       | 1 |  1.3
Evocations     | |  0.7

Action                   |  1- 3 |  4- 6 |  7- 9 | 10-12 | 13-15 || total
-------------------------+-------+-------+-------+-------+-------++-------
Melee: Hand axe          |    93 |   163 |   333 |       |       ||   589
       Kick              |       |    40 |    86 |   152 |   115 ||   393
       War axe           |       |       |    29 |   165 |       ||   194
       Executioner's axe |       |       |       |   308 |   289 ||   597
       Flail             |       |       |       |   112 |    69 ||   181
 Fire: Hunting sling     |       |    12 |    17 |     2 |       ||    31
       Hand crossbow     |       |       |       |    65 |    78 ||   143
Throw: Dart              |       |       |       |       |    18 ||    18
Invok: Berserk           |     3 |       |     7 |    14 |     9 ||    33
       Trog's Hand       |       |       |       |       |     2 ||     2
Evoke: Wand              |       |       |     2 |       |     3 ||     5
  Use: Potion            |     1 |       |       |     5 |     4 ||    10
       Scroll            |       |    12 |     7 |    13 |    10 ||    42
 Stab: Distracted        |       |     2 |       |     4 |     2 ||     8
  Eat: Chunk             |     3 |     5 |    14 |    29 |    11 ||    62
       Ration            |       |       |     1 |     4 |     5 ||    10
Armor: Animal skin       |    12 |       |       |       |       ||    12
       Chain mail        |    43 |    85 |       |       |       ||   128
       Leather armour    |     6 |       |       |       |       ||     6
       Plate armour      |       |    16 |   235 |    33 |       ||   284
       Scale mail        |       |       |       |   426 |   250 ||   676
Dodge: Dodged            |    58 |    61 |   108 |   500 |   305 ||  1032
Block: Buckler           |       |     5 |    90 |    46 |       ||   141
